 Dungeon Crawl Stone Soup version 0.19.1 (webtiles) character file.

100 Ladykiller69 the Skirmisher (level 4, -3/45 HPs)
             Began as a Troll Abyssal Knight on Nov 25, 2016.
             Was a Believer of Lugonu.
             Killed from afar by an orc wizard (5 damage)
             ... with a magic dart
             ... on level 3 of the Dungeon.
             The game lasted 00:03:11 (1701 turns).

Ladykiller69 the Skirmisher (Troll Abyssal Knight)  Turns: 1701, Time: 00:03:12

Health: -3/45      AC:  5    Str: 20    XL:     4   Next: 47%
Magic:  4/4        EV: 16    Int:  8    God:    Lugonu [**....]
Gold:   105        SH:  0    Dex: 15    Spells: 0 memorised, 3 levels left

rFire  . . .     SeeInvis .       - Unarmed
rCold  . . .     Gourm    +     a - +0 robe
rNeg   . . .     Faith    .     (no shield)
rPois  .         Spirit   .     (helmet restricted)
rElec  .         Reflect  .     (no cloak)
rCorr  .         Harm     .     (gloves unavailable)
MR     .....                    (boots unavailable)
Stlth  ++........               (no amulet)
                                (no ring)
                                (no ring)

@: agile
A: unfitting armour, claws 3, fast metabolism 3, gourmand, regeneration 1,
shaggy fur 1, tough skin 2
a: Depart the Abyss, Bend Space, Renounce Religion


You were on level 3 of the Dungeon.
You worshipped Lugonu.
Lugonu was pleased with you.
You were very full.

You visited 1 branch of the dungeon, and saw 3 of its levels.
You visited the Abyss 1 time.

You collected 105 gold pieces.

Inventory:

Missiles
 d - 40 stones (quivered)
 j - 4 javelins
Armour
 a - a +0 robe (worn)
Jewellery
 c - an uncursed ring of poison resistance {unknown}
Scrolls
 e - a scroll of magic mapping {unknown}
 g - 3 scrolls of identify {unknown}
 i - a scroll of random uselessness {unknown}
 n - 2 scrolls of noise {unknown}
 o - a scroll of teleportation {unknown}
Potions
 f - a potion of agility
 k - a potion of heal wounds {unknown}
 l - a potion of curing {unknown}
 m - a potion of haste {unknown}
 p - a potion of mutation {unknown}
 r - a potion of experience {unknown}
Comestibles
 b - 3 bread rations
 h - a royal jelly
 q - a slice of pizza


   Skills:
 + Level 3.0 Fighting
 + Level 2.5 Dodging
 + Level 2.6 Unarmed Combat
 + Level 2.6 Invocations


You had 3 spell levels left.
You didn't know any spells.

Dungeon Overview and Level Annotations

Branches:
Dungeon (3/15)

Altars:
Elyvilon


Innate Abilities, Weirdness & Mutations

You are too large for most types of armour.
You have claws for hands.
Your metabolism is lightning-fast.
You like to eat raw meat.
Your natural rate of healing is unusually fast.
You are covered in fur. (AC +1)
You have very tough skin. (AC +2)


Message History

The orc is lightly wounded.
The orc hits you but does no damage. The orc hits you.
* * * LOW HITPOINT WARNING * * *
The orc wizard gestures wildly while chanting. x2
The orc wizard blinks!
You closely miss the orc wizard.
The orc wizard gestures wildly while chanting.
The orc wizard blinks!
The orc wizard barely misses you.
You closely miss the orc wizard.
The orc wizard points at you and mumbles some strange words.
You resist with some effort. The orc misses you.
The orc wizard hits you with a dagger.
* * * LOW HITPOINT WARNING * * *
You scratch the orc wizard.
The orc wizard is moderately wounded.
The orc wizard is no longer moving quickly.
The orc wizard gestures at you while chanting.
The magic dart hits you!
You die...

........##.#.#.#.#.#.#...#
#....?.###.............#.#
##.###..##...⌠.....⌠.....##
#.. ##........._...÷.....#
#. ####...⌠.....⌠...##.# .
#..o..........# ###
#.#.#o#.#.#.#.##.>..
#.......o..........
###.#..@.......###
#.#...)...<..#
..#...............
..##..........##... .##
#..........# .. ..
#..........# #..........#
######...... #.######


You could see an orc wizard and 2 orcs.

Vanquished Creatures
  The ghost of dscm the Digger, a weakling OpEE (D:3)
  2 adders (D:2)
  A worm (D:2)
  2 dart slugs
  5 bats
  A giant cockroach (D:2)
  4 hobgoblins
  6 jackals (D:1)
  6 kobolds
  2 quokkas (D:2)
  A ball python (D:1)
  2 frilled lizards (D:2)
  3 goblins
  4 rats
40 creatures vanquished.

Notes
Turn   | Place    | Note
-------+----------+-------------------------------------------
     0 | Abyss:1  | Ladykiller69 the Troll Abyssal Knight began the quest for the Orb.
     0 | Abyss:1  | Reached XP level 1. HP: 22/22 MP: 1/1
    10 | D:1      | Escaped the Abyss
   194 | D:1      | Reached XP level 2. HP: 29/29 MP: 2/2
   954 | D:2      | Reached ** piety under Lugonu
   984 | D:2      | Reached XP level 3. HP: 15/36 MP: 3/3
  1610 | D:3      | Found a white marble altar of Elyvilon.
  1670 | D:3      | Noticed dscm's ghost (weakling OpEE)
  1689 | D:3      | Killed dscm's ghost
  1689 | D:3      | Reached skill level 3 in Fighting
  1689 | D:3      | Reached XP level 4. HP: 4/45 MP: 4/4
  1690 | D:3      | HP: 1/45 [orc (4)]
  1700 | D:3      | HP: 2/45 [orc wizard/dagger (5)]
  1701 | D:3      | Killed from afar by an orc wizard

Skill      XL: |  1  2  3 |
---------------+----------+-----
Dodging        | 2 |  2.5
Invocations    | 2 |  2.6
Fighting       | 3 |  3.0
Unarmed Combat | |  2.6

Action                   |  1- 3 |  4- 6 || total
-------------------------+-------+-------++-------
Melee: Unarmed           |   104 |     4 ||   108
       Punch             |     2 |       ||     2
  Use: Potion            |     1 |       ||     1
  Eat: Chunk             |    20 |       ||    20
Armor: Robe              |    43 |     1 ||    44
Dodge: Dodged            |    50 |     4 ||    54
